 Dungeon Crawl Stone Soup version 0.25-a0-842-g81a31cfd23 (webtiles) character file.

Game seed: 3335090202694717965, levelgen mode: deterministic

42875 tilp the Nimble (level 14, -5/91 HPs)
             Began as a Kobold Arcane Marksman on Apr 24, 2020.
             Was the Champion of Okawaru.
             Slain by a death yak (15 damage)
             ... on level 6 of the Lair of Beasts.
             The game lasted 01:20:26 (22575 turns).

tilp the Nimble (Kobold Arcane Marksman)           Turns: 22575, Time: 01:20:26

Health: -5/91      AC: 18    Str: 11    XL:     14   Next: 57%
Magic:  18/23      EV: 26    Int: 16    God:    Okawaru [******]
Gold:   913        SH:  7    Dex: 15    Spells: 10/25 levels left

rFire    . . .     SeeInvis .   a - +1 hand crossbow (flame)
rCold    . . .     Gourm    .   H - +1 buckler
rNeg     . . .     Faith    .   y - +3 ring mail {MR+}
rPois    .         Spirit   .   (no helmet)
rElec    .         Reflect  .   t - +2 cloak
rCorr    .         Harm     .   Z - +0 pair of gloves
MR       ++...                  D - +1 pair of boots
Stlth    +++.......             E - amulet of regeneration
HPRegen  0.65/turn              A - +6 ring of evasion
MPRegen  0.18/turn              B - +4 ring of protection

@: no status effects
A: small, carnivore
a: Heroism, Finesse, Renounce Religion


You were on level 6 of the Lair of Beasts.
You worshipped Okawaru.
Okawaru was exalted by your worship.
You were completely stuffed.

You visited 3 branches of the dungeon, and saw 18 of its levels.
You also visited: Sewer.

You collected 913 gold pieces.

Inventory:

Hand Weapons
 a - a +1 hand crossbow of flaming (weapon)
 b - a +2 war axe of freezing
 e - a +6 falchion of holy wrath
 q - the +6 scimitar of the Pyrrhic Victory {pain, MR++, unknown}
   (Okawaru gifted it to you on level 5 of the Lair of Beasts)

   In the hands of one skilled in necromantic magic, it inflicts extra damage on
   living creatures.
   It affects your resistance to hostile enchantments.
 W - a +0 arbalest
Missiles
 d - 123 bolts (quivered)
 x - 11 boomerangs
 z - 48 poisoned darts
Armour
 f - a +0 leather armour of poison resistance
 t - a +2 cloak (worn)
 v - a scarf of spirit shield
 y - a +3 ring mail of magic resistance (worn)
 D - a +1 pair of boots (worn)
 H - a +1 buckler (worn)
 Z - a +0 pair of gloves (worn)
Jewellery
 m - a +6 ring of intelligence
 A - a +6 ring of evasion (left hand)
 B - a +4 ring of protection (right hand)
 E - an amulet of regeneration (around neck)
 J - an uncursed ring of wizardry
 L - an uncursed ring of protection from magic
 M - a +3 ring of strength {unknown}
 O - the ring of the Madman {rElec rPois rC+ MR-}
   (You found it on level 8 of the Dungeon)

   [ring of protection from cold]

   It protects you from cold.
   It insulates you from electricity.
   It protects you from poison.
   It affects your resistance to hostile enchantments.
 R - an uncursed ring of protection from fire
Wands
 K - a wand of paralysis (19)
 P - a wand of clouds (6)
 T - a wand of polymorph (10)
 U - a wand of flame (8)
 V - a wand of acid (4)
 X - a wand of digging (6)
Scrolls
 i - 8 scrolls of remove curse
 l - 3 scrolls of amnesia
 o - 3 scrolls of fear
 p - 2 scrolls of enchant weapon
 s - 7 scrolls of teleportation
 F - a scroll of magic mapping
Potions
 g - 2 potions of heal wounds
 h - 2 potions of magic
 k - 3 potions of mutation
 n - 7 potions of brilliance
 w - 9 potions of curing
 C - 3 potions of flight
 G - 3 potions of haste
 I - 4 potions of might
 Q - 2 potions of berserk rage
 S - 5 potions of stabbing
 Y - 3 potions of invisibility
Miscellaneous
 u - a phial of floods (inert)
Comestibles
 c - 32 rations
 j - 3 chunks of flesh


   Skills:
 + Level 11.9 Fighting
 - Level 10.0 Crossbows
 + Level 12.3 Dodging
 - Level 8.0 Stealth
 - Level 4.0 Shields
 - Level 6.0 Spellcasting
 - Level 10.0 Hexes
 - Level 2.0 Translocations
 - Level 10.0 Invocations
 - Level 8.0 Evocations


You had 10 spell levels left.
You knew the following spells:

 Your Spells              Type           Power        Failure   Level  Hunger
a - Corona                Hex            #####..      1%          1    None
b - Slow                  Hex            #####...     1%          2    #......
c - Portal Projectile     Hex/Tloc       ###...       10%         3    ##.....
d - Cause Fear            Hex            #####.....   6%          4    ####...
e - Confusing Touch       Hex            #####...     1%          3    ##.....
f - Blink                 Tloc           N/A          26%         2    #......

Your spell library contained the following spells:

 Spells                   Type           Power        Failure   Level  Hunger
 Inner Flame              Hex/Fire       ###.....     14%         3    ##.....
 Shroud of Golubria       Chrm/Tloc      #.....       36%         2    #......
 Leda's Liquefaction      Hex/Erth       ###.......   43%         4    ####...
 Gell's Gravitas          Tloc           ##........   45%         3    ##.....
 Lesser Beckoning         Tloc           ##........   45%         3    ##.....
 Teleport Other           Tloc           ##......     45%         3    ##.....
 Metabolic Englaciation   Hex/Ice        ###.......   80%         5    ######.
 Silence                  Hex/Air        ###.......   80%         5    ######.
 Yara's Violent Unravell  Hex/Tmut       ###.......   80%         5    ######.
 Passage of Golubria      Tloc           N/A          86%         4    ####...
 Petrify                  Tmut/Erth      #.......     98%         4    ####...
 Discord                  Hex            #####.....   100%        8    #######


Dungeon Overview and Level Annotations

Branches:
Dungeon (11/15)            Temple (1/1) D:7            Lair (6/6) D:8
 Shoals (0/4) Lair:4        Snake (0/4) Lair:3        Slime (0/5) Lair:5
    Orc (0/2) D:9           Sewer (visited)

Altars:
Ashenzari
Cheibriados
Dithmenos
Elyvilon
Fedhas
Gozag
Hepliaklqana
Kikubaaqudgha
Makhleb
Nemelex Xobeh
Okawaru
Qazlal
Ru
Sif Muna
Trog
Uskayaw
Vehumet
Wu Jian
Xom
Yredelemnul
Zin
The Shining One
Jiyva

Annotations:
Lair:2 exclusion: 2 oklob plants
Lair:5 1 runed translucent door


Innate Abilities, Weirdness & Mutations

You are small and have problems with some larger weapons.
You are carnivorous and can eat meat at any time.


Message History

The death yak is severely wounded.
You block the death yak's attack.
Okay, then.
Casting: Portal Projectile (mildly dangerous; 10% risk of failure)
Confirm with . or Enter, or press ? or * to list all spells.
The death yak resists with some effort.
The death yak resists with almost no effort.
The death yak completely misses you. The death yak barely misses you.
Unknown command.
You block the death yak's attack. The death yak gores you!
* * * LOW HITPOINT WARNING * * *
You feel much better. You block the death yak's attack.
Okay, then.
Casting: Cause Fear (mildly dangerous; 6% risk of failure)
Confirm with . or Enter, or press ? or * to list all spells.
You blink.
The death yak gores you!!
* * * LOW HITPOINT WARNING * * *
The death yak gores you!
You die...

.....## #...P.P..###
###### ......#
#..........## ###....##
......#
##.....P....####.P..P..##
.....##
#..P...............÷....#
......#
#.........P..##..........
....###
#.##.......########......
...)### #####.§...##
#####.. .....P# ##.Y..#
..### .....## #.Y@## 8..
# ....## #...# ..8.#
....# ##..# #.Y.. ....##
#((## #Y.. ....P# #((.#
###.. .....# ##((## #....
.....## ##.(### .#....
......# ##.(≈### ......
.....## #.....### ...##


You could see 2 death yaks.

Vanquished Creatures
  2 catoblepae (Lair:6)
  3 hydras
  A centaur warrior (D:11)
  A two-headed ogre (D:11)
  3 death yaks (Lair:6)
  A deep elf mage (D:11)
  4 black mambas
  20 elephants
  2 torpor snails
  12 spiny frogs
  A centaur skeleton (D:11)
  A rime drake (Lair:6)
  9 komodo dragons
  A yaktaur (D:11)
  A polar bear (Lair:6)
  A hornet (D:7)
  A slime creature (D:11)
  A merfolk (D:11)
  The ghost of kae the Ruffian, an amateur DrTm of Uskayaw (D:3)
  10 dream sheep
  9 hippogriffs
  A spriggan (D:11)
  45 yaks
  A wraith (D:11)
  Eustachio (D:4)
  A hungry ghost (D:11)
  2 basilisks
  4 nagas (Lair:3)
  8 water moccasins
  9 porcupines
  2 ice beasts
  3 sky beasts
  3 phantoms
  4 black bears
  5 ogres
  7 centaurs
  9 wolves
  12 crocodiles
  4 big kobolds
  15 bullfrogs
  3 scorpions
  4 wights (D:6)
  18 killer bees
  A howler monkey (D:8)
  2 electric eels
  3 crimson imps
  3 hounds
  A gnoll shaman (D:7)
  2 orc priests (D:7)
  2 jellies
  An orc wizard (D:7)
  2 iguanas
  6 worker ants
  A bullfrog simulacrum (D:11)
  A hound skeleton (D:4)
  A hound zombie (D:8)
  6 gnolls
  A howler monkey skeleton (D:8)
  A worker ant zombie (D:10)
  10 adders
  4 oozes
  An adder zombie (D:9)
  9 worms
  3 dart slugs (D:1)
  5 leopard geckos
  27 orcs
  6 ball pythons
  8 giant cockroaches
  7 goblins
  9 hobgoblins
  10 jackals
  15 kobolds
  4 quokkas
  3 bats
  8 frilled lizards
  A jackal skeleton (D:5)
  2 quokka skeletons (D:4)
  19 rats
  2 plants
433 creatures vanquished.

Vanquished Creatures (collateral kills)
  A catoblepas (Lair:5)
  2 yaks (Lair:6)
3 creatures vanquished.

Vanquished Creatures (others)
  An unseen horror (D:11)
  6 fungi
  23 plants
  A withered plant (D:3)
31 creatures vanquished.

Grand Total: 467 creatures vanquished

Notes
Turn   | Place    | Note
-------+----------+-------------------------------------------
     0 | D:1      | tilp the Kobold Arcane Marksman began the quest for the
                  | Orb.
     0 | D:1      | Reached XP level 1. HP: 12/12 MP: 2/2
   363 | D:1      | Reached XP level 2. HP: 16/16 MP: 3/3
   546 | D:1      | Learned a level 2 spell: Slow
   755 | D:1      | Reached XP level 3. HP: 17/20 MP: 4/4
  1604 | D:2      | You fall into a shaft and drop 1 floor!
  1608 | D:3      | Reached XP level 4. HP: 25/25 MP: 5/5
  1635 | D:3      | Found a hide-covered altar of Uskayaw.
  1635 | D:3      | Noticed a +0 hand axe
  1635 | D:3      | Noticed a +0 dagger
  1691 | D:2      | Reached skill level 5 in Crossbows
  2353 | D:3      | Reached XP level 5. HP: 29/29 MP: 6/6
  2361 | D:3      | Noticed a sky beast
  2398 | D:3      | Killed a sky beast
  2398 | D:3      | Reached XP level 6. HP: 21/37 MP: 7/7
  2734 | D:3      | Found a shimmering altar of Xom.
  2807 | D:3      | Found a runed translucent door.
  2807 | D:3      | Noticed kae's ghost (amateur DrTm)
  2873 | D:3      | Found a shadowy altar of Dithmenos.
  3135 | D:4      | Noticed Eustachio
  3154 | D:4      | Killed Eustachio
  3306 | D:4      | Noticed an ogre
  3317 | D:4      | Reached XP level 7. HP: 39/43 MP: 10/10
  3593 | D:4      | Reached skill level 5 in Hexes
  4557 | D:5      | Entered Level 5 of the Dungeon
  4681 | D:5      | Reached XP level 8. HP: 48/48 MP: 11/11
  4960 | D:5      | Found a stormy altar of Qazlal.
  5068 | D:5      | Found a white marble altar of Elyvilon.
  5144 | D:6      | Found an ancient bone altar of Kikubaaqudgha.
  5235 | D:6      | Found a glowing drain.
  5356 | Sewer    | Entered a sewer
  6821 | D:6      | Reached XP level 9. HP: 49/52 MP: 12/12
  6839 | D:6      | Reached skill level 10 in Crossbows
  6976 | D:6      | Learned a level 3 spell: Portal Projectile
  6981 | D:6      | Learned a level 4 spell: Cause Fear
  7054 | D:7      | Found a staircase to the Ecumenical Temple.
  7069 | Temple   | Entered the Ecumenical Temple
  7150 | Temple   | Became a worshipper of Warmaster Okawaru
  7302 | D:7      | Reached skill level 1 in Stealth
  7386 | D:7      | Found an opulent altar of Gozag.
  7404 | D:7      | Reached skill level 3 in Dodging
  7629 | D:7      | Reached skill level 4 in Dodging
  7720 | D:7      | Noticed a hornet
  7740 | D:7      | Killed a hornet
  7740 | D:7      | Reached skill level 5 in Fighting
  7877 | D:7      | Noticed a hippogriff
  7902 | D:7      | Killed a hippogriff
  7902 | D:7      | Reached skill level 5 in Dodging
  8046 | D:7      | Reached * piety under Okawaru
  8134 | D:7      | Reached skill level 6 in Dodging
  8136 | D:7      | Reached skill level 1 in Invocations
  8436 | D:7      | Reached XP level 10. HP: 35/60 MP: 11/13
  8564 | D:7      | Found a bloodstained altar of Trog.
  8566 | D:7      | Found a sparkling altar of Nemelex Xobeh.
  8568 | D:7      | Found a snail-covered altar of Cheibriados.
  8659 | D:7      | Reached ** piety under Okawaru
  8659 | D:7      | Reached skill level 5 in Invocations
  8883 | D:8      | Found a staircase to the Lair.
  8884 | D:8      | Noticed a komodo dragon
  8893 | D:8      | Got a faintly glowing bronze ring
  9658 | D:8      | Killed a komodo dragon
  9769 | D:9      | Found a staircase to the Orcish Mines.
  9899 | D:9      | Found a hazy altar of Hepliaklqana.
 10277 | D:9      | Identified the ring of the Madman {rElec rPois rC+ MR-}
                  | (You found it on level 8 of the Dungeon)
 10366 | D:9      | Found a sacrificial altar of Ru.
 10605 | D:10     | Entered Level 10 of the Dungeon
 10639 | D:10     | Noticed a two-headed ogre
 10755 | D:10     | Reached *** piety under Okawaru
 10778 | D:10     | Received a gift from Okawaru
 10793 | D:10     | Reached skill level 5 in Stealth
 10808 | D:10     | Reached XP level 11. HP: 41/66 MP: 17/17
 11640 | D:11     | Noticed a deep elf mage
 11946 | D:11     | Found a shimmering altar of Xom.
 12429 | D:11     | Killed a deep elf mage
 12429 | D:11     | Reached **** piety under Okawaru
 12429 | D:11     | Reached skill level 1 in Shields
 12764 | D:11     | Received a gift from Okawaru
 12801 | D:11     | Noticed a two-headed ogre
 12828 | D:11     | Killed a two-headed ogre
 12915 | D:11     | Noticed a centaur warrior
 12934 | D:11     | Reached skill level 7 in Dodging
 12971 | D:11     | Noticed a two-headed ogre
 12991 | D:11     | Killed an unseen horror
 13004 | D:11     | Killed a centaur warrior
 13004 | D:11     | Received a gift from Okawaru
 13719 | D:3      | Killed kae's ghost
 13880 | Lair:1   | Entered Level 1 of the Lair of Beasts
 13947 | Lair:1   | Noticed a six-headed hydra
 13961 | Lair:1   | Killed a six-headed hydra
 13961 | Lair:1   | Received a gift from Okawaru
 13961 | Lair:1   | Reached ***** piety under Okawaru
 14053 | Lair:1   | Reached skill level 8 in Dodging
 14053 | Lair:1   | Reached XP level 12. HP: 69/76 MP: 18/18
 14427 | Lair:1   | Reached skill level 10 in Fighting
 14440 | Lair:1   | Reached skill level 9 in Dodging
 14512 | Lair:1   | Received a gift from Okawaru
 14802 | Lair:1   | Reached skill level 10 in Dodging
 16402 | Lair:3   | Learned a level 3 spell: Confusing Touch
 16405 | Lair:3   | Learned a level 2 spell: Blink
 16896 | Lair:3   | Reached skill level 10 in Invocations
 16935 | Lair:3   | Noticed a seven-headed hydra
 16948 | Lair:3   | Found a staircase to the Snake Pit.
 16988 | Lair:3   | Killed a seven-headed hydra
 16988 | Lair:3   | Reached skill level 1 in Translocations
 16988 | Lair:3   | Reached XP level 13. HP: 82/82 MP: 20/20
 17153 | Lair:3   | You fall into a shaft and drop 3 floors!
 17153 | Lair:6   | Entered Level 6 of the Lair of Beasts
 17153 | Lair:6   | Noticed a catoblepas
 17154 | Lair:6   | Found a bloodstained altar of Trog.
 17763 | Lair:4   | Received a gift from Okawaru
 17844 | Lair:4   | Reached skill level 5 in Spellcasting
 17925 | Lair:4   | Found a staircase to the Shoals.
 18136 | Lair:4   | Received a gift from Okawaru
 18384 | Lair:4   | Got a spiked chain mail
 19063 | Lair:5   | Killed a catoblepas
 19063 | Lair:5   | Reached skill level 10 in Hexes
 19087 | Lair:5   | Identified the cursed +1 chain mail of Saivee {-Cast Str+4
                  | Dex+8} (You found it on level 4 of the Lair of Beasts)
 19291 | Lair:5   | Reached skill level 5 in Evocations
 19436 | Lair:5   | Found a runed translucent door.
 19437 | Lair:5   | Found a viscous altar of Jiyva.
 19446 | Lair:5   | Found a staircase to the Slime Pits.
 20093 | Lair:6   | Reached ****** piety under Okawaru
 20286 | Lair:5   | Received a gift from Okawaru
 20420 | Lair:6   | Noticed an eight-headed hydra
 20428 | Lair:6   | Killed an eight-headed hydra
 20428 | Lair:6   | Reached XP level 14. HP: 80/88 MP: 23/23
 20472 | Lair:5   | Received a gift from Okawaru
 20473 | Lair:5   | Got a faintly glowing scimitar {god gift}
 20807 | Lair:5   | Reached skill level 11 in Dodging
 22084 | Lair:6   | Received a gift from Okawaru
 22094 | Lair:6   | Reached skill level 12 in Dodging
 22423 | Lair:6   | Received a gift from Okawaru
 22551 | Lair:6   | Received a gift from Okawaru
 22575 | Lair:6   | Slain by a death yak

Levels and vault maps discovered:
D:1:      matt_arrival_diagonals, layout_loops_ring,
          hangedman_abyss_or_decor_stabs, nrook_uturn,
          hangedman_decor_peaks_small
D:2:      layout_basic
D:3:      layout_basic, old_standard_altar, dancing_weapons_uskayaw,
          lemuel_doored_altar, gammafunk_ghost_grave
D:4:      layout_loops_ring, uniq_eustachio
D:5:      layout_rooms, lemuel_coloured_pillars_altar, kennysheep_little_box,
          first_ration
D:6:      layout_loops_corners, kiku_gazebo_pond_becter, serial_glass,
          glass_columns_c, glass_columns_a, glass_columns_c, glass_columns_a,
          glass_columns_b, glass_columns_c, glass_columns_b, glass_columns_a,
          glass_columns_b, glass_columns_a, gup_sewer_entry_spiral, sigmund_army
D:7:      layout_loops_corners, lemuel_round_altar,
          gammafunk_temple_overflow_forgotten, minmay_temple_entry_mist,
          chequers_decorated_corner
D:8:      layout_loops_ring, david_lair_shrubbed
D:9:      layout_cave_pools, lemuel_round_altar, old_standard_altar
D:10:     layout_gridville
D:11:     minmay_chambers_of_sevens, layout_irregular_city,
          hangedman_stone_soup, xom_teletrap_fun
Temple:   eino_temple_lava
Lair:1:   layout_regular_city, grunt_megastairs_4, serial_bayou_shore_a,
          infiniplex_staircase_pool
Lair:2:   layout_regular_city, beast_lair_carwin_5, minmay_lair_oklob_chamber
Lair:3:   layout_chaotic_city, minmay_snake_entry_guardpost_small
Lair:4:   layout_long_grid, minmay_shoals_entry_centaurs, wad_woods_river_01
Lair:5:   layout_loops_ring, slime_altar_2
Lair:6:   grunt_lair_end_beastmaster, layout_big_grid, basic_altar

Skill      XL: |  1  2  3  4  5  6  7  8  9 10 11 12 13 14 |
---------------+-------------------------------------------+-----
Crossbows      | 3 4 5 6 9 10 | 10.0
Fighting       | 3 4 6 9 10 11 | 11.9
Spellcasting   | 2 4 6 |  6.0
Hexes          | 6 8 10 | 10.0
Stealth        | 4 5 6 8 |  8.0
Dodging        | 6 8 10 12 | 12.3
Invocations    | 3 6 10 | 10.0
Evocations     | 4 8 |  8.0
Shields        | 3 4 |  4.0
Translocations | 1 2 |  2.0

Action                   |  1- 3 |  4- 6 |  7- 9 | 10-12 | 13-15 || total
-------------------------+-------+-------+-------+-------+-------++-------
Melee: Short sword       |    10 |       |       |       |       ||    10
       Dagger            |    31 |    92 |   359 |   631 |       ||  1113
       Falchion          |       |       |     8 |    29 |       ||    37
       Hand crossbow     |       |       |     6 |       |       ||     6
       Punch             |       |       |       |     1 |       ||     1
       War axe           |       |       |       |       |   674 ||   674
 Fire: Hand crossbow     |    43 |    19 |   103 |   338 |   290 ||   793
Throw: Dart              |       |     1 |     5 |     7 |       ||    13
       Boomerang         |       |       |    11 |     2 |     1 ||    14
 Cast: Corona            |     4 |     1 |     7 |    12 |       ||    24
       Slow              |       |       |     9 |    15 |    14 ||    38
       Portal Projectile |       |       |       |     1 |     1 ||     2
       Cause Fear        |       |       |       |       |     1 ||     1
       Blink             |       |       |       |       |     1 ||     1
Invok: Heroism           |       |       |     2 |     5 |     2 ||     9
Evoke: Wand              |       |       |       |       |     2 ||     2
       Box of beasts     |       |       |       |       |     1 ||     1
       Phial of floods   |       |       |       |       |     1 ||     1
  Use: Scroll            |     3 |     3 |     8 |    17 |     8 ||    39
       Potion            |       |     1 |     2 |     1 |     1 ||     5
 Stab: Sleeping          |     2 |       |     1 |     7 |       ||    10
       Distracted        |       |       |       |     1 |     1 ||     2
  Eat: Chunk             |    11 |     5 |    17 |    28 |    21 ||    82
Armor: Robe              |     4 |       |       |       |       ||     4
       Leather armour    |     1 |    10 |    42 |   101 |    16 ||   170
       Ring mail         |       |       |       |       |   240 ||   240
Dodge: Dodged            |    46 |    82 |   364 |   707 |  1174 ||  2373
Block: Buckler           |       |       |       |    90 |   416 ||   506
       Rpst.: Falchion   |       |       |     2 |     6 |       ||     8

Table legend:
 A = Non-vault XP
 B = Vault XP
 C = Vault XP percentage of total XP
 D = Non-vault monster count
 E = Vault monster count
 F = Vault count percentage of total count
                 A         B        C        D         E       F
            +---------+---------+-------+---------+---------+-------
      Total |   46580 |   14671 |  24.0 |     350 |      84 |  19.4
            +---------+---------+-------+---------+---------+-------
        D:1 |      53 |       0 |   0.0 |      23 |       0 |   0.0
        D:2 |      57 |       0 |   0.0 |      18 |       0 |   0.0
        D:3 |     198 |     279 |  58.5 |      26 |       1 |   3.7
        D:4 |     464 |     202 |  30.3 |      20 |       1 |   4.8
        D:5 |     137 |       0 |   0.0 |      13 |       0 |   0.0
        D:6 |     652 |      39 |   5.6 |      15 |      11 |  42.3
        D:7 |    2305 |       0 |   0.0 |      43 |       0 |   0.0
        D:8 |    1238 |     350 |  22.0 |      16 |       1 |   5.9
        D:9 |     553 |       0 |   0.0 |       7 |       0 |   0.0
       D:10 |    1557 |       0 |   0.0 |      12 |       0 |   0.0
       D:11 |    1476 |    4136 |  73.7 |      23 |      16 |  41.0
     Lair:1 |    4522 |    1434 |  24.1 |      19 |       7 |  26.9
     Lair:2 |    3477 |     989 |  22.1 |      16 |       5 |  23.8
     Lair:3 |    2567 |     626 |  19.6 |       9 |       4 |  30.8
     Lair:4 |    3881 |     924 |  19.2 |      17 |       8 |  32.0
     Lair:5 |   15101 |     998 |   6.2 |      47 |       2 |   4.1
     Lair:6 |    8342 |    4450 |  34.8 |      26 |      13 |  33.3
      Sewer |       0 |     244 | 100.0 |       0 |      15 | 100.0
            +---------+---------+-------+---------+---------+-------
